 Seeded DCSS version 0.29.1 (webtiles) character file.

Game seed: 18446744073709551615 (custom seed)

464 GigaChad the Covered (level 6, -4/56 HPs)
             Began as a Minotaur Fighter on Sept 13, 2022.
             Killed by divine providence
             ... invoked by an orc priest
              (13 damage)
             ... on level 5 of the Dungeon.
             The game lasted 00:09:01 (3825 turns).

GigaChad the Covered (Minotaur Fighter)             Turns: 3825, Time: 00:09:03

Health: -4/56      AC:  7    Str: 22    XL:     6   Next: 80%
Magic:  5/5        EV: 10    Int:  8    God:
Gold:   243        SH:  0    Dex: 10    Spells: 5/5 levels left

rFire   . . .      SeeInvis +   j - +3 dagger "Wetunah" {vorpal, *Slow Int+3 SInv}
rCold   . . .      Faith    .   c - +0 buckler
rNeg    . . .      Spirit   .   b - +0 scale mail
rPois   .          Reflect  .   (helmet restricted)
rElec   .          Harm     .   (no cloak)
rCorr   .          Rampage  .   (no gloves)
Will    .....                   (no boots)
Stlth   ..........              (no amulet)
HPRegen 0.18/turn               (no ring)
MPRegen 0.09/turn               (no ring)

@: confused
A: horns 2, retaliatory headbutt
a: no special abilities


You were on level 5 of the Dungeon.
You visited 1 branch of the dungeon, and saw 5 of its levels.

You collected 243 gold pieces.

Inventory:

Hand Weapons
 a - a +0 long sword
 j - the +3 dagger "Wetunah" (weapon) {vorpal, *Slow Int+3 SInv}
   (You found it on level 2 of the Dungeon)

   It inflicts extra damage upon your enemies.
   Int:       It affects your intelligence (+3).
   SInv:      It lets you see invisible.
   *Slow:     It may slow you when you take damage.
Missiles
 n - 4 poisoned darts (quivered)
 s - 4 javelins
Armour
 b - a +0 scale mail (worn)
 c - a +0 buckler (worn)
Scrolls
 e - 4 scrolls of identify
 h - a scroll of noise
 l - a scroll of immolation
 p - a scroll of enchant armour {unknown}
 q - 6 scrolls of teleportation {unknown}
 r - a scroll of fear {unknown}
Potions
 d - 2 potions of might
 f - 3 potions of curing {unknown}
 g - 2 potions of degeneration {unknown}
 i - a potion of haste {unknown}
 k - a potion of attraction {unknown}
 m - a potion of experience {unknown}
 o - a potion of cancellation {unknown}
 t - a potion of lignification {unknown}


   Skills:
 + Level 5.3 Fighting
 + Level 2.4(3.3) Short Blades
 + Level 3.7(4.2) Long Blades
 + Level 5.9 Armour
 + Level 1.8 Dodging
 + Level 0.7 Stealth
 + Level 4.7 Shields


You had 5 spell levels left.
You didn't know any spells.
Your spell library contained the following spells:

 Spells                   Type           Power      Damage    Failure   Level
 Summon Guardian Golem    Hex/Summ       0%         N/A       99%         3
 Tukima's Dance           Hex            0%         N/A       99%         3
 Passage of Golubria      Tloc           0%         N/A       100%        4
 Yara's Violent Unravell  Hex/Tmut       0%         3d3       100%        5
 Orb of Destruction       Conj           0%         9d5       100%        7
 Spellforged Servitor     Conj/Summ      0%         N/A       100%        7


Dungeon Overview and Level Annotations

Branches:
Dungeon (5/15)
 Temple: D:4-7

Altars:
Nemelex Xobeh


Innate Abilities, Weirdness & Mutations

You have a pair of horns on your head.
You reflexively headbutt those who attack you in melee.


Message History

You kill the orc!
An orc priest comes into view. It is wielding a +0 war axe.
An orc comes into view. It is wielding a +0 hand axe.
The orc priest shouts!
The orc priest calls down the wrath of Beogh upon you.
Beogh smites you!
Things that are here:
a +0 short sword; a +0 leather armour; a scroll labelled OLOTE OP RAO
Things that are here:
a +0 short sword; a +0 leather armour; a scroll labelled OLOTE OP RAO The orc priest mumbles some strange prayers to Beogh against you.
Beogh smites you!
The orc priest calls down the wrath of Beogh upon you.
Beogh smites you!
The orc wizard gestures at you while chanting.
You are confused.
The orc priest mumbles some strange prayers to Beogh against you.
Pain shoots through your body!
* * * LOW HITPOINT WARNING * * *
Things that are here:
a +0 short sword; a +0 leather armour; a scroll labelled OLOTE OP RAO You completely miss the orc wizard.
Your headbutt misses the orc wizard.
The orc wizard hits you but does no damage.
You hit the orc. Your headbutt misses the orc.
The orc is severely wounded.
The orc wizard hits you with a +0 dagger of speed.
* * * LOW HITPOINT WARNING * * *
The orc priest looks braver for a moment.
The orc misses you. The orc attacks as you move away!
The orc hits you but does no damage.
The orc wizard mumbles some strange words.
The orc wizard flickers and vanishes for a moment.
You miss the orc. You headbutt the orc.
The orc is almost dead.
The orc wizard hits you with a +0 dagger of speed.
* * * LOW HITPOINT WARNING * * *
The orc wizard barely misses you.
The orc priest mumbles some strange prayers to Beogh against you.
Beogh smites you!
You die...

... ....
##+######....
#..........#
#..........#
#..........#
#..........# ..
#...oo.....#
..#####...o@o....#
...........###+#...
...........# .
...........+
............#
............#
...........#####
..######
##.............#
#.......
#.............#
+.......


You could see 2 orc priests, an orc wizard (invisible) and an orc.

Vanquished Creatures
  A bullfrog (D:4)
  2 orc priests (D:4)
  3 hounds
  2 iguanas
  Natasha (D:2)
  An orc wizard (D:4)
  5 adders
  2 worms (D:2)
  A dart slug (D:5)
  15 orcs
  7 ball pythons
  6 bats
  4 endoplasms
  2 giant cockroaches
  7 goblins
  6 hobgoblins
  7 jackals
  5 kobolds
  5 quokkas
  2 frilled lizards
  4 rats
88 creatures vanquished.

Notes
Turn   | Place    | Note
-------+----------+-------------------------------------------
     0 | D:1      | GigaChad the Minotaur Fighter began the quest for the Orb.
     0 | D:1      | Reached XP level 1. HP: 19/19 MP: 0/0
   243 | D:1      | Reached XP level 2. HP: 27/27 MP: 1/1
   925 | D:2      | Identified the +3 dagger "Wetunah" {vorpal, *Slow Int+3
                  | SInv}
   944 | D:2      | Found a faded altar of an unknown god.
   955 | D:2      | Reached XP level 3. HP: 33/33 MP: 2/2
  1522 | D:2      | Noticed Natasha
  1531 | D:2      | Killed Natasha
  1532 | D:2      | Reached XP level 4. HP: 24/41 MP: 3/3
  2131 | D:3      | Reached skill level 5 in Fighting
  2191 | D:3      | Reached skill level 1 in Dodging
  2191 | D:3      | Reached XP level 5. HP: 38/48 MP: 4/4
  2199 | D:3      | Found a sparkling altar of Nemelex Xobeh.
  2541 | D:3      | Reached skill level 1 in Short Blades
  2939 | D:4      | Reached skill level 5 in Armour
  3221 | D:4      | Reached XP level 6. HP: 45/56 MP: 5/5
  3692 | D:5      | Entered Level 5 of the Dungeon
  3825 | D:5      | Killed from afar by an orc priest

Illustrated notes

Levels and vault maps discovered:
D:1:      dpeg_arrival_brainrot, layout_loops_ring
D:2:      layout_basic, hellmonk_ecumenical_altar_inner_sanctum,
          minmay_fountain_box, minmay_domino_2, uniq_natasha
D:3:      layout_loops_ring, nemelex_xobeh_ov_fountains_minmay,
          amcnicky_mini_pool_small
D:4:      layout_loops_ring, skrybe_limestone_x
D:5:      layout_gridville, grunt_ministairs_1

Skill      XL: |  1  2  3  4  5  6 |
---------------+-------------------+-----
Armour         | 4 5 |  5.9
Shields        | 4 |  4.7
Fighting       | 4 5 |  5.3
Long Blades    | 3 |  3.7
Dodging        | 1 |  1.8
Short Blades   | 1 2 |  2.4
Stealth        | |  0.7

Action                   |  1- 3 |  4- 6 || total
-------------------------+-------+-------++-------
Melee: Long sword        |    63 |       ||    63
       Headbutt          |    17 |    17 ||    34
       Dagger            |    47 |   141 ||   188
  Use: Scroll            |       |     3 ||     3
Armor: Scale mail        |    62 |    69 ||   131
Dodge: Dodged            |    68 |    79 ||   147
Block: Buckler           |    22 |    28 ||    50
